[Event "105th British-ch 2018"]
[Site "Hull"]
[Date "2018.07.29"]
[Round "2"]
[White "Murphy, Conor E"]
[Black "Young"]
[Result "1-0"]
[ECO "B38"]
[WhiteElo "2336"]
[BlackElo "1962"]
[Annotator "NA"]
[PlyCount "73"]
[EventDate "2018.07.28"]
[EventType "swiss"]
[EventCountry "GBR"]
[SourceTitle "playchess.com"]
[Source "ChessBase"]
[SourceQuality "1"]
[TimeControl "40/5400+30:1800+30"]

1. e4 c5 2. Nf3 Nc6 3. d4 cxd4 4. Nxd4 g6 5. c4 Bg7 6. Be3 Qb6 7. Nb5 Qa5+ 8. N5c3 d6 9. Be2 Qb4 10. Qd2 Nf6 11. f3 O-O 12. O-O Be6 13. a3 Qa5 14. Ra2 Rfc8 15. b4 Qd8 16. Nd5 Ne5 17. Rc2 Nfd7 18. f4 Ng4 19. Bxg4 Bxg4 20. f5 gxf5 21. exf5 Ne5 22. c5 Qd7 23. h3 e6 24. hxg4 exd5 25. Bh6 Bxh6 26. Qxh6 Qd8 27. f6 Qf8 28. Qh5 Kh8 29. Rc3 Qg8 30. cxd6 Nxg4 31. Rg3 Rc4 32. Nd2 Rd4 33. Nf3 Rf4 34. Ne5 Rxf1+ 35. Kxf1 Nh2+ 36. Qxh2 Qe8 37. Rh3 1-0

[Event "105th British-ch 2018"]
[Site "Hull"]
[Date "2018.07.29"]
[Round "2"]
[White "Britton, Richard"]
[Black "McDougall, William M"]
[Result "0-1"]
[ECO "B52"]
[WhiteElo "2249"]
[BlackElo "2056"]
[Annotator "NA"]
[PlyCount "70"]
[EventDate "2018.07.28"]
[EventType "swiss"]
[EventCountry "GBR"]
[SourceTitle "playchess.com"]
[Source "ChessBase"]
[SourceQuality "1"]
[TimeControl "40/5400+30:1800+30"]

1. e4 c5 2. Nf3 d6 3. Bb5+ Bd7 4. Bxd7+ Nxd7 5. O-O Ngf6 6. Re1 Rc8 7. c3 e6 8. d4 cxd4 9. cxd4 Be7 10. Nc3 Nb6 11. a4 O-O 12. Qb3 d5 13. e5 Ne4 14. Nxe4 dxe4 15. Rxe4 Qd5 16. Qxd5 Nxd5 17. Kf1 Rc6 18. Re2 Rfc8 19. Bd2 Rc2 20. Rb1 a6 21. g3 h6 22. h4 b5 23. axb5 axb5 24. Ne1 R2c4 25. Be3 g5 26. h5 Bd8 27. b3 R4c6 28. Bd2 Bb6 29. Re4 f5 30. exf6 Nxf6 31. Re5 Bxd4 32. Rxb5 Ne4 33. Nf3 Bxf2 34. g4 Rf8 35. Bb4 Rxf3 0-1

[Event "105th British-ch 2018"]
[Site "Hull"]
[Date "2018.07.29"]
[Round "2"]
[White "Moore, Graham J"]
[Black "Macklin, Paul"]
[Result "1/2-1/2"]
[ECO "B06"]
[WhiteElo "2218"]
[BlackElo "2363"]
[Annotator "NA"]
[PlyCount "61"]
[EventDate "2018.07.28"]
[EventType "swiss"]
[EventCountry "GBR"]
[SourceTitle "playchess.com"]
[Source "ChessBase"]
[SourceQuality "1"]
[TimeControl "40/5400+30:1800+30"]

1. Nf3 g6 2. e4 Bg7 3. d4 d6 4. Bc4 Nc6 5. O-O Nf6 6. Qe2 Bg4 7. Bb5 O-O 8. c3 Nd7 9. Nbd2 e5 10. h3 Bxf3 11. Nxf3 exd4 12. Bxc6 bxc6 13. cxd4 Re8 14. Qc2 c5 15. Be3 cxd4 16. Bxd4 Bxd4 17. Nxd4 Nc5 18. Rfe1 Qh4 19. Nf3 Qf4 20. e5 Rab8 21. Rad1 Ne6 22. b3 dxe5 23. Rxe5 Red8 24. Rde1 Rd6 25. Ra5 a6 26. Qe2 Qb4 27. Ra4 Qb5 28. Qe3 Rbd8 29. Re4 Qf5 30. Re5 Qf6 31. Ng5 1/2-1/2

[Event "105th British-ch 2018"]
[Site "Hull"]
[Date "2018.07.29"]
[Round "2"]
[White "Kalaiyalahan, Akshaya"]
[Black "Miller, Dominic"]
[Result "1-0"]
[ECO "D78"]
[WhiteElo "2138"]
[BlackElo "2017"]
[Annotator "NA"]
[PlyCount "59"]
[EventDate "2018.07.28"]
[EventType "swiss"]
[EventCountry "GBR"]
[SourceTitle "playchess.com"]
[Source "ChessBase"]
[SourceQuality "1"]
[TimeControl "40/5400+30:1800+30"]

1. d4 Nf6 2. c4 g6 3. g3 c6 4. Bg2 d5 5. Nf3 Bg7 6. O-O O-O 7. b3 dxc4 8. bxc4 c5 9. Bb2 Qb6 10. Qc1 Ne4 11. Nbd2 Nxd2 12. Qxd2 Nc6 13. Rab1 Bf5 14. dxc5 Qxc5 15. Bxg7 Kxg7 16. Qc3+ Kg8 17. Rb5 Qd6 18. Rxb7 Rab8 19. Rxb8 Rxb8 20. c5 Qc7 21. Nd4 Nxd4 22. Qxd4 Be6 23. a3 Rb3 24. c6 Rb8 25. Rd1 h5 26. h4 Kh7 27. Qf4 Rc8 28. Qxc7 Rxc7 29. Rb1 Bc8 30. Kh2 1-0

[Event "105th British-ch 2018"]
[Site "Hull"]
[Date "2018.07.29"]
[Round "2"]
[White "Krzyzanowski, Patryk"]
[Black "Kalavannan, Koby"]
[Result "1/2-1/2"]
[ECO "E61"]
[WhiteElo "2087"]
[BlackElo "2277"]
[Annotator "NA"]
[PlyCount "113"]
[EventDate "2018.07.28"]
[EventType "swiss"]
[EventCountry "GBR"]
[SourceTitle "playchess.com"]
[Source "ChessBase"]
[SourceQuality "1"]
[TimeControl "40/5400+30:1800+30"]

1. d4 Nf6 2. c4 g6 3. Nc3 Bg7 4. Bf4 d6 5. e3 O-O 6. Be2 Nbd7 7. Nf3 b6 8. O-O Bb7 9. h3 Ne4 10. Nxe4 Bxe4 11. Ng5 Bb7 12. Bf3 c6 13. Ne4 h6 14. Nc3 e5 15. Bh2 Qe7 16. b4 Rfd8 17. b5 Nb8 18. bxc6 Nxc6 19. Re1 Rac8 20. Nd5 Qf8 21. Rc1 Na5 22. Qa4 Qe8 23. Qb4 Qe6 24. dxe5 Nc6 25. Qa3 dxe5 26. Bg4 f5 27. Bf3 Bf8 28. Qb2 e4 29. Be2 Bg7 30. Qa3 Bf8 31. Qb2 Bg7 32. Qa3 Kh7 33. Red1 Bf8 34. Qb2 Bg7 35. Qb5 Ne5 36. Qa4 Bxd5 37. cxd5 Rxd5 38. Rxc8 Rxd1+ 39. Bxd1 Qxc8 40. Qxa7 Nd7 41. Bc7 b5 42. Bb3 Qe8 43. g3 Ne5 44. Kg2 h5 45. Bb6 Nf3 46. Qc7 Qe5 47. Qxe5 Bxe5 48. Ba5 Bd6 49. Bc3 Ne5 50. Bxe5 Bxe5 51. g4 hxg4 52. hxg4 Kh6 53. gxf5 gxf5 54. Be6 Kg5 55. a3 Bd6 56. Bd7 Bxa3 57. Bxb5 1/2-1/2

[Event "105th British-ch 2018"]
[Site "Hull"]
[Date "2018.07.29"]
[Round "2"]
[White "Ratnesan, Ranesh"]
[Black "Toma, Katarzyna"]
[Result "0-1"]
[ECO "D76"]
[WhiteElo "2073"]
[BlackElo "2274"]
[Annotator "NA"]
[PlyCount "116"]
[EventDate "2018.07.28"]
[EventType "swiss"]
[EventCountry "GBR"]
[SourceTitle "playchess.com"]
[Source "ChessBase"]
[SourceQuality "1"]
[TimeControl "40/5400+30:1800+30"]

1. d4 Nf6 2. c4 g6 3. Nf3 Bg7 4. g3 d5 5. cxd5 Nxd5 6. Bg2 Nb6 7. O-O Nc6 8. e3 O-O 9. Nc3 Bg4 10. h3 Be6 11. Nd2 Qd7 12. Kh2 Rfd8 13. b3 Nxd4 14. Bb2 Nb5 15. Nde4 Nxc3 16. Qxd7 Nxd7 17. Bxc3 Bxc3 18. Nxc3 c6 19. Rfd1 Nc5 20. g4 a5 21. Kg3 f6 22. f4 Kf7 23. Bf3 Ke8 24. h4 Rxd1 25. Rxd1 Rd8 26. Rxd8+ Kxd8 27. Bd1 b5 28. Bc2 b4 29. Nb1 a4 30. Nd2 axb3 31. axb3 Nb7 32. g5 Na5 33. Kf3 c5 34. e4 c4 35. bxc4 Nxc4 36. Nb3 Na3 37. Bd1 Kc7 38. Ke3 Kd6 39. Nd4 Bc4 40. Nb3 Bf7 41. Kf3 f5 42. Ke3 fxe4 43. Kxe4 Nb5 44. Bc2 Be6 45. Ke3 Bg4 46. Nd2 Nc3 47. Bb3 Nd5+ 48. Ke4 Bf5+ 49. Kf3 Kc5 50. Nf1 Kd4 51. Bxd5 Kxd5 52. Ne3+ Ke6 53. Nc4 b3 54. Ke3 Kd5 55. Nb2 e6 56. Nd1 Kc4 57. Nb2+ Kc3 58. Na4+ Kc2 {[%emt 0:00:11] Ke4 [%emt 00:00:21]} 0-1

[Event "105th British-ch 2018"]
[Site "Hull"]
[Date "2018.07.29"]
[Round "2"]
[White "Iyengar, Ilya"]
[Black "Wall, Tim P"]
[Result "0-1"]
[ECO "B00"]
[WhiteElo "2017"]
[BlackElo "2234"]
[Annotator "NA"]
[PlyCount "61"]
[EventDate "2018.07.28"]
[EventType "swiss"]
[EventCountry "GBR"]
[SourceTitle "playchess.com"]
[Source "ChessBase"]
[SourceQuality "1"]
[TimeControl "40/5400+30:1800+30"]

1. d4 b6 2. e4 Bb7 3. f3 e5 4. Be3 exd4 5. Bxd4 Nc6 6. Bf2 Nf6 7. Bc4 Bb4+ 8. c3 Be7 9. Ne2 O-O 10. O-O Ne5 11. Bb3 d5 12. Bd4 Bc5 13. Bxc5 bxc5 14. exd5 c4 15. Bc2 Nxd5 16. Qd4 Qe7 17. Na3 c5 18. Qf2 Nd3 19. Bxd3 cxd3 20. Ng3 Nf4 21. Rfe1 Qg5 22. Nc4 f6 23. Nd6 Rab8 24. Re7 Bc8 25. Nde4 Qg6 26. b3 Bh3 27. Qxc5 Bxg2 28. Kf2 Bh3 29. Qc4+ Kh8 30. Nd2 Qh6 31. Rae1 0-1

[Event "105th British-ch 2018"]
[Site "Hull"]
[Date "2018.07.29"]
[Round "2"]
[White "Burke, Mitchell R"]
[Black "Tozer, Philip"]
[Result "1/2-1/2"]
[ECO "A03"]
[WhiteElo "1988"]
[BlackElo "2142"]
[Annotator "NA"]
[PlyCount "56"]
[EventDate "2018.07.28"]
[EventType "swiss"]
[EventCountry "GBR"]
[SourceTitle "playchess.com"]
[Source "ChessBase"]
[SourceQuality "1"]
[TimeControl "40/5400+30:1800+30"]

1. f4 d5 2. Nf3 Nf6 3. g3 g6 4. Bg2 Bg7 5. O-O O-O 6. d3 c5 7. c3 Nc6 8. Na3 b6 9. Qe1 Bb7 10. h3 Qc7 11. g4 e5 12. Nb5 Qd7 13. fxe5 Nxe5 14. Nxe5 Qxb5 15. g5 Nh5 16. Ng4 f6 17. gxf6 Nxf6 18. Nh6+ Kh8 19. Qh4 Qd7 20. Bg5 Ng8 21. Ng4 d4 22. Bxb7 Qxb7 23. c4 Rae8 24. Rxf8 Rxf8 25. Rf1 Rxf1+ 26. Kxf1 Qf7+ 27. Qf2 Qe6 28. Qf3 h6 1/2-1/2

[Event "105th British-ch 2018"]
[Site "Hull"]
[Date "2018.07.29"]
[Round "2"]
[White "De Coverly, Roger D"]
[Black "Longson, Sarah N"]
[Result "0-1"]
[ECO "C78"]
[WhiteElo "1920"]
[BlackElo "2123"]
[Annotator "NA"]
[PlyCount "62"]
[EventDate "2018.07.28"]
[EventType "swiss"]
[EventCountry "GBR"]
[SourceTitle "playchess.com"]
[Source "ChessBase"]
[SourceQuality "1"]
[TimeControl "40/5400+30:1800+30"]

1. e4 e5 2. Nf3 Nc6 3. Bb5 a6 4. Ba4 Nf6 5. O-O b5 6. Bb3 Bc5 7. Nxe5 Nxe5 8. d4 Bxd4 9. Qxd4 d6 10. f4 Nc6 11. Qc3 Bb7 12. e5 Ne4 13. Qe3 Na5 14. exd6 O-O 15. Nd2 Nxd6 16. c3 Nxb3 17. axb3 Re8 18. Qf2 Qf6 19. b4 Re7 20. Nf3 Rae8 21. Ne5 Qf5 22. Qc5 f6 23. Nf3 Qg4 24. h3 Qg6 25. f5 Nxf5 26. Bf4 Re2 27. g4 Ne3 28. Bxe3 R2xe3 29. Nh4 Qe4 30. Kh2 Qc2+ 31. Kg1 Rg3+ 0-1

[Event "105th British-ch 2018"]
[Site "Hull"]
[Date "2018.07.30"]
[Round "3"]
[White "Arkell, Keith C"]
[Black "Toma, Katarzyna"]
[Result "1-0"]
[ECO "D76"]
[WhiteElo "2406"]
[BlackElo "2274"]
[Annotator "ChessBase"]
[PlyCount "129"]
[EventDate "2018.07.28"]
[EventType "swiss"]
[EventCountry "GBR"]
[SourceTitle "playchess.com"]
[Source "ChessBase"]
[SourceQuality "1"]
[TimeControl "40/5400+30:1800+30"]

1. d4 Nf6 2. Nf3 g6 3. c4 Bg7 4. g3 d5 5. cxd5 Nxd5 6. Nc3 Nb6 7. Bg2 Nc6 8. e3 O-O 9. O-O Re8 10. b3 e5 11. Nxe5 Nxe5 12. dxe5 Qxd1 13. Rxd1 Bxe5 14. Bb2 c6 15. Rd2 Bf5 16. Ne2 Bxb2 17. Rxb2 a5 18. Nd4 Be4 19. f3 Bd3 20. Kf2 f5 21. Rd1 Ba6 22. f4 Rad8 23. Rbd2 Rd7 24. Rc1 Red8 25. h3 a4 26. g4 axb3 27. axb3 Nd5 28. Bxd5+ Rxd5 29. b4 fxg4 30. hxg4 h5 31. Rg1 Kf7 32. Kf3 c5 33. bxc5 Rxc5 34. gxh5 Rxh5 35. Rc2 Rd7 36. Rc3 b5 37. Kg3 Bb7 38. Rb1 Be4 39. Rxb5 Rxb5 40. Nxb5 Rd3 41. Kg4 Kf6 42. Rxd3 Bxd3 43. Nd4 Be4 44. Nf3 Bf5+ 45. Kg3 Bc2 46. Kf2 Bd3 47. Ng5 Bc4 48. e4 Bb3 49. Ke3 Ba2 50. Kd4 Bb3 51. Kc5 Bc2 52. Kd5 Bd3 53. Nf3 Bb1 54. Nd4 Kf7 55. e5 Ba2+ 56. Kd6 g5 57. f5 g4 58. Ne2 Bb3 59. Ng3 Bc2 60. Kd5 Ke7 61. Ne4 Bb3+ 62. Kd4 Ba4 63. Ke3 Bd1 64. Kf4 Kf7 65. Nf2 1-0

[Event "105th British-ch 2018"]
[Site "Hull"]
[Date "2018.07.30"]
[Round "3"]
[White "Trent, Lawrence"]
[Black "Rudd, Jack"]
[Result "1-0"]
[ECO "A45"]
[WhiteElo "2406"]
[BlackElo "2244"]
[Annotator "NA"]
[PlyCount "77"]
[EventDate "2018.07.28"]
[EventType "swiss"]
[EventCountry "GBR"]
[SourceTitle "playchess.com"]
[Source "ChessBase"]
[SourceQuality "1"]
[TimeControl "40/5400+30:1800+30"]

1. d4 Nf6 2. Bg5 e6 3. e4 h6 4. Bxf6 Qxf6 5. c3 d6 6. Bd3 Nd7 7. Ne2 g5 8. O-O Bg7 9. f4 Qe7 10. Nd2 Nf6 11. Nc4 d5 12. exd5 Nxd5 13. Qd2 Bd7 14. Ne3 Nxf4 15. Nxf4 gxf4 16. Nc4 O-O-O 17. Qxf4 f5 18. Rae1 Qg5 19. Ne5 Qxf4 20. Rxf4 Be8 21. Bc4 Rd6 22. Rf2 Bh5 23. Nd3 Re8 24. Nf4 Bf7 25. Rfe2 Kd7 26. Nd3 b6 27. a4 c6 28. Ba2 Bg8 29. Nf4 Bf7 30. Nd3 Bg8 31. Nf4 Bf7 32. Bb3 Bf6 33. a5 bxa5 34. Nd3 Rb8 35. Nc5+ Ke7 36. Bxe6 Bxe6 37. Rxe6+ Rxe6 38. Rxe6+ Kf7 39. Rxf6+ 1-0

[Event "105th British-ch 2018"]
[Site "Hull"]
[Date "2018.07.30"]
[Round "3"]
[White "Macklin, Paul"]
[Black "Kalaiyalahan, Akshaya"]
[Result "1/2-1/2"]
[ECO "B22"]
[WhiteElo "2363"]
[BlackElo "2138"]
[Annotator "NA"]
[PlyCount "102"]
[EventDate "2018.07.28"]
[EventType "swiss"]
[EventCountry "GBR"]
[SourceTitle "playchess.com"]
[Source "ChessBase"]
[SourceQuality "1"]
[TimeControl "40/5400+30:1800+30"]

1. e4 c5 2. Nf3 Nc6 3. c3 d5 4. exd5 Qxd5 5. d4 Bf5 {[%emt 0:00:35] B22: Sizilianisch (Alapin 2.c3)} (5... Nf6 6. Be2 cxd4 7. cxd4 e6 8. O-O Be7 9. Nc3 Qd6 10. Nb5 Qd8 11. Bf4 Nd5 12. Bg3 O-O 13. Bc4 a6 14. Nc3 Nxc3 15. bxc3 b5 16. Bd3 Bb7 17. a4 b4 18. Rb1 Bf6 19. Be4 a5 20. cxb4 axb4 21. Bxc6 {½-½ (21) Zvjaginsev,V (2660)-Moiseenko,A (2692) Berlin 2015}) 6. Be2 cxd4 7. cxd4 Bxb1 8. Rxb1 e6 9. a3 Bd6 10. O-O Nf6 11. Bg5 O-O 12. Rc1 Ne7 $146 ({Vorgänger:} 12... Rfd8 13. Bc4 {½-½ (32) Seymour,T (2050)-Adair,J (2138) Uxbridge 2009}) 13. Bc4 Qa5 14. Qb3 Qb6 15. Qxb6 axb6 16. Bxf6 gxf6 17. g3 Ra5 18. Rc3 Rc8 19. Rfc1 Nd5 20. Bxd5 Rxc3 21. Rxc3 Rxd5 22. Rc8+ Kg7 23. Rd8 Bc7 24. Rxd5 exd5 25. Nh4 b5 26. Kf1 Bb6 27. Ke2 Kh6 28. Ke3 Kg5 29. h3 Bc7 30. Kd3 f5 31. f4+ Kf6 32. Ng2 h5 33. Ne3 Ke6 34. h4 Ba5 35. b4 Bd8 36. Nd1 Kd6 37. Nc3 Kc6 38. Nb1 f6 39. Nd2 Kd6 40. Nb3 b6 41. Nd2 Ke6 42. Nf1 Bc7 43. Ne3 Bd8 44. Kc2 Bc7 45. Kb3 Bd8 46. a4 Bc7 47. Nd1 Kd6 48. Nc3 bxa4+ 49. Kxa4 Kc6 $1 50. b5+ Kd6 51. Kb3 Ke6 $14 1/2-1/2

[Event "105th British-ch 2018"]
[Site "Hull"]
[Date "2018.07.30"]
[Round "3"]
[White "Zapolskis, Antanas"]
[Black "Thurlow, Kevin J"]
[Result "1-0"]
[ECO "B47"]
[WhiteElo "2283"]
[BlackElo "2030"]
[Annotator "NA"]
[PlyCount "35"]
[EventDate "2018.07.28"]
[EventType "swiss"]
[EventCountry "GBR"]
[SourceTitle "playchess.com"]
[Source "ChessBase"]
[SourceQuality "1"]
[TimeControl "40/5400+30:1800+30"]

1. e4 c5 2. Nf3 e6 3. d4 cxd4 4. Nxd4 Nc6 5. Nc3 Qc7 6. g3 a6 7. Bg2 Nf6 8. Nb3 Be7 9. a4 O-O 10. O-O Rb8 11. a5 Bb4 12. Bg5 Nxa5 13. e5 Ne8 14. Nxa5 Bxa5 15. Ne4 f5 16. exf6 Nxf6 17. Nxf6+ gxf6 18. Bf4 1-0

[Event "105th British-ch 2018"]
[Site "Hull"]
[Date "2018.07.30"]
[Round "3"]
[White "McMichael, Richard J"]
[Black "Houska, Jovanka"]
[Result "0-1"]
[ECO "A03"]
[WhiteElo "2245"]
[BlackElo "2406"]
[Annotator "NA"]
[PlyCount "86"]
[EventDate "2018.07.28"]
[EventType "swiss"]
[EventCountry "GBR"]
[SourceTitle "playchess.com"]
[Source "ChessBase"]
[SourceQuality "1"]
[TimeControl "40/5400+30:1800+30"]

1. e3 g6 2. f4 d5 3. Nf3 Bg7 4. c3 c5 5. d4 Qc7 6. Bd3 Nh6 7. O-O Bf5 8. Be2 O-O 9. h3 Bxb1 10. Rxb1 Nf5 11. Qe1 Nd7 12. Bd3 Nd6 13. g4 Nf6 14. Qg3 Nfe4 15. Qg2 f6 16. Nd2 Qc6 17. Nxe4 Nxe4 18. f5 e6 19. Bxe4 dxe4 20. Bd2 Rad8 21. Kh1 Kh8 22. fxg6 hxg6 23. Be1 e5 24. dxe5 fxe5 25. Bg3 Rf3 26. Rxf3 exf3 27. Qc2 Kh7 28. Rd1 c4 29. Kg1 Rd5 30. Kf2 e4 31. Rd4 Bxd4 32. cxd4 Rb5 33. Be5 Kg8 34. Kg3 Kf7 35. h4 Ke6 36. h5 gxh5 37. gxh5 Rxe5 38. dxe5 Qd5 39. Kf2 b5 40. Kg3 Qxe5+ 41. Kh4 Qf6+ 42. Kg4 Qf5+ 43. Kg3 Qg5+ 0-1

[Event "105th British-ch 2018"]
[Site "Hull"]
[Date "2018.07.30"]
[Round "3"]
[White "Wall, Tim P"]
[Black "McPhillips, Joseph"]
[Result "1-0"]
[ECO "C02"]
[WhiteElo "2234"]
[BlackElo "2402"]
[Annotator "NA"]
[PlyCount "61"]
[EventDate "2018.07.28"]
[EventType "swiss"]
[EventCountry "GBR"]
[SourceTitle "playchess.com"]
[Source "ChessBase"]
[SourceQuality "1"]
[TimeControl "40/5400+30:1800+30"]

1. e4 e6 2. d4 d5 3. e5 c5 4. c3 Nc6 5. Nf3 Qb6 6. Bd3 Nh6 7. O-O cxd4 8. cxd4 Nf5 9. Bxf5 exf5 10. Nc3 Be6 11. a3 Be7 12. b4 O-O 13. Qd3 h6 14. Be3 g5 15. g3 Qd8 16. Ne1 f4 17. gxf4 Qd7 18. Kh1 Bf5 19. Qd2 g4 20. f3 h5 21. Ne2 h4 22. Nc3 Kh8 23. fxg4 Bxg4 24. f5 Bxf5 25. Bg5 Bh7 26. Bf6+ Bxf6 27. Rxf6 Rg8 28. Nf3 Rg4 29. Ng5 Rxd4 30. Qf2 Rg4 31. Rxf7 1-0

[Event "105th British-ch 2018"]
[Site "Hull"]
[Date "2018.07.30"]
[Round "3"]
[White "Sugden, John N"]
[Black "Burke, Mitchell R"]
[Result "*"]
[ECO "B01"]
[WhiteElo "2090"]
[BlackElo "1988"]
[Annotator "NA RC"]
[PlyCount "74"]
[EventDate "2018.07.28"]
[EventType "swiss"]
[EventCountry "GBR"]
[SourceTitle "playchess.com"]
[Source "ChessBase"]
[SourceQuality "1"]
[TimeControl "40/5400+30:1800+30"]

1. e4 d5 2. exd5 Qxd5 3. Nc3 Qd6 4. Bc4 Nf6 5. d4 c6 {[%emt 0:09:30] B01: Scandinavian Defence} 6. Nge2 (6. h3 Bf5 7. g4 Be6 8. Bb3 Bd5 9. Nxd5 cxd5 10. Nf3 Nc6 11. Qe2 e6 12. c3 Nd7 13. Be3 {0-1 (45) Edouard,R (2680)-Bauer,C (2658) Nimes 2014}) 6... Bf5 7. Bf4 Qb4 8. Bb3 e6 9. O-O Be7 10. Bc7 b6 11. Ng3 Bg6 12. f4 Na6 $146 ({Predecessor:} 12... O-O 13. f5 exf5 14. Nxf5 {1-0 (29) Correas Marcen,J (2005)-Roman Gimeno,J (1935) Aragon 2014}) 13. Be5 O-O-O 14. Qf3 Nb8 15. f5 exf5 16. Nxf5 Bxf5 17. Qxf5+ Kb7 18. a3 Qa5 19. Bxf7 Rhf8 20. Bc4 Bc5 21. Rad1 Nd5 22. Qxh7 Ne3 23. b4 Bxb4 24. axb4 Qxb4 25. Qxg7+ Ka8 26. Rxf8 Qxf8 27. Qxf8 Rxf8 28. Bb3 Nxd1 29. Nxd1 Nd7 30. Bd6 Re8 31. Kf2 Nf6 32. Nc3 b5 33. Bf7 Rd8 34. Be5 b4 35. Na4 Rf8 $18 36. Bg6 Ng4+ 37. Ke2 Rf2+ *

[Event "105th British-ch 2018"]
[Site "Hull"]
[Date "2018.07.30"]
[Round "3"]
[White "Jackson, Sheila"]
[Black "Britton, Richard L"]
[Result "0-1"]
[ECO "B50"]
[WhiteElo "2072"]
[BlackElo "2249"]
[Annotator "NA"]
[PlyCount "90"]
[EventDate "2018.07.28"]
[EventType "swiss"]
[EventCountry "GBR"]
[SourceTitle "playchess.com"]
[Source "ChessBase"]
[SourceQuality "1"]
[TimeControl "40/5400+30:1800+30"]

1. e4 c5 2. Nf3 d6 3. c3 Nf6 4. Be2 Nbd7 5. d3 g6 6. O-O Bg7 7. Nbd2 O-O 8. d4 {[%emt 0:04:59] B50: Sicilian: 2...d6, Miscellaneous} Qc7 9. Bd3 b6 $146 ({Predecessor:} 9... a6 10. Re1 e5 11. a4 b6 12. Rb1 Bb7 13. d5 h6 14. b4 Rab8 15. Qe2 a5 16. bxa5 bxa5 {1-0 (32) Grigore,N (2397)-Miraoui,K (2076) Sautron 2002}) 10. Qe2 cxd4 11. cxd4 e5 12. dxe5 dxe5 13. Nb3 Nh5 14. g3 Bb7 15. Bg5 Ndf6 16. Rac1 Qe7 17. Rfe1 h6 18. Bd2 Rad8 19. Bc3 Nd7 20. Ba6 Bxa6 21. Qxa6 Nb8 22. Qb5 Rfe8 23. Nbd2 Qe6 24. a4 Qg4 25. Bxe5 a6 26. Qxb6 Nd7 27. Qxa6 Nxe5 28. Nxe5 Bxe5 29. Qe2 Qxe2 30. Rxe2 Bxb2 31. Rc2 Bd4 32. Kg2 Nf6 33. f3 Nd5 34. Rc6 Nc3 35. Re1 Nxa4 36. Nb3 Bg7 37. Rec1 Nb2 38. h4 Nd3 39. Rb1 Ra8 40. Rd1 Red8 41. Kf1 Ne5 42. Rxd8+ Rxd8 43. Rc3 Ng4 44. Rc1 $19 Nh2+ 45. Ke2 Nxf3 0-1

[Event "105th British-ch 2018"]
[Site "Hull"]
[Date "2018.07.30"]
[Round "3"]
[White "McDougall, William M"]
[Black "Abdulla, Murad"]
[Result "0-1"]
[ECO "A57"]
[WhiteElo "2056"]
[BlackElo "2281"]
[Annotator "NA"]
[PlyCount "53"]
[EventDate "2018.07.28"]
[EventType "swiss"]
[EventCountry "GBR"]
[SourceTitle "playchess.com"]
[Source "ChessBase"]
[SourceQuality "1"]
[TimeControl "40/5400+30:1800+30"]

1. d4 Nf6 2. c4 c5 3. d5 b5 4. cxb5 a6 5. Nc3 axb5 6. e4 Qa5 7. Bd2 b4 8. e5 bxc3 9. Bxc3 Qb6 10. exf6 gxf6 11. d6 Bb7 12. Nf3 e5 13. Bc4 Bxd6 14. Nh4 Qc6 15. f3 Na6 16. Qb3 O-O-O 17. O-O-O Nc7 18. Rxd6 Qxd6 19. Ba5 f5 20. Nxf5 Qf6 21. Rd1 d5 22. Bxc7 Kxc7 23. Bxd5 Rxd5 24. Rxd5 Bxd5 25. Qxd5 Qg5+ 26. Kd1 Rd8 27. Nd6 0-1

[Event "105th British-ch 2018"]
[Site "Hull"]
[Date "2018.07.30"]
[Round "3"]
[White "Jamroz, Krzysztof"]
[Black "Payne, Matthew J"]
[Result "*"]
[ECO "C04"]
[WhiteElo "2026"]
[BlackElo "2113"]
[Annotator "NA"]
[PlyCount "37"]
[EventDate "2018.07.28"]
[EventType "swiss"]
[EventCountry "GBR"]
[SourceTitle "playchess.com"]
[Source "ChessBase"]
[SourceQuality "1"]
[TimeControl "40/5400+30:1800+30"]

1. e4 e6 2. d4 d5 3. Nd2 Nc6 4. Ngf3 Nf6 5. e5 Nd7 6. c3 f6 7. Bb5 a6 8. Bxc6 bxc6 9. O-O fxe5 10. dxe5 c5 11. Nb3 a5 12. Bg5 Be7 13. Bxe7 Qxe7 14. Re1 O-O 15. Nbd2 Bb7 16. Qa4 Rf5 17. Qh4 Qxh4 18. Nxh4 Rxe5 19. Rxe5 *

[Event "105th British-ch 2018"]
[Site "Hull"]
[Date "2018.07.30"]
[Round "3"]
[White "Miller, Dominic"]
[Black "Jarmany, John"]
[Result "*"]
[ECO "B13"]
[WhiteElo "2017"]
[BlackElo "2110"]
[Annotator "NA"]
[PlyCount "51"]
[EventDate "2018.07.28"]
[EventType "swiss"]
[EventCountry "GBR"]
[SourceTitle "playchess.com"]
[Source "ChessBase"]
[SourceQuality "1"]
[TimeControl "40/5400+30:1800+30"]

1. e4 c6 2. d4 d5 3. exd5 cxd5 4. c4 Nf6 5. Nc3 Nc6 6. Nf3 Bg4 7. cxd5 Nxd5 8. Bb5 Nxc3 9. bxc3 Qd5 10. c4 Qe4+ 11. Be3 O-O-O 12. Bxc6 Qxc6 13. Ne5 Bxd1 14. Nxc6 bxc6 15. Rxd1 e6 16. Ke2 Rd7 17. Rd3 Be7 18. Rb1 Rhd8 19. Rdb3 Rc7 20. Bf4 Bf6 21. Rb8+ Kd7 22. Bxc7 Kxc7 23. R1b7+ Kd6 24. c5+ Kd5 25. Rxd8+ Bxd8 26. Rd7+ *

[Event "105th British-ch 2018"]
[Site "Hull"]
[Date "2018.07.30"]
[Round "3"]
[White "Young, Daniel J"]
[Black "Krzyzanowski, Patryk"]
[Result "1-0"]
[ECO "B27"]
[WhiteElo "1962"]
[BlackElo "2087"]
[Annotator "NA"]
[PlyCount "59"]
[EventDate "2018.07.28"]
[EventType "swiss"]
[EventCountry "GBR"]
[SourceTitle "playchess.com"]
[Source "ChessBase"]
[SourceQuality "1"]
[TimeControl "40/5400+30:1800+30"]

1. e4 c5 2. Nf3 g6 3. d4 cxd4 4. Qxd4 Nf6 5. Nc3 Nc6 6. Qa4 Ng4 7. h3 Nge5 8. Nxe5 Nxe5 9. f4 Nc6 10. Be3 Bh6 11. O-O-O O-O 12. g4 Rb8 13. g5 Bg7 14. h4 a6 15. h5 b5 16. Qb3 d6 17. hxg6 hxg6 18. Nd5 Bg4 19. Rd2 Na5 20. Qb4 Nc4 21. Bxc4 bxc4 22. Qxb8 c3 23. Rdh2 cxb2+ 24. Kb1 Bf3 25. Qxd8 Rxd8 26. Nxe7+ Kf8 27. Nd5 Bxh1 28. Rxh1 Re8 29. Nf6 Re6 30. Bd4 1-0

[Event "105th British-ch 2018"]
[Site "Hull"]
[Date "2018.07.30"]
[Round "3"]
[White "De Coverly, Roger D"]
[Black "Ratnesan, Ranesh"]
[Result "1-0"]
[ECO "B25"]
[WhiteElo "1920"]
[BlackElo "2073"]
[Annotator "NA"]
[PlyCount "63"]
[EventDate "2018.07.28"]
[EventType "swiss"]
[EventCountry "GBR"]
[SourceTitle "playchess.com"]
[Source "ChessBase"]
[SourceQuality "1"]
[TimeControl "40/5400+30:1800+30"]

1. e4 c5 2. Nf3 d6 3. g3 Nf6 4. d3 Nc6 5. Bg2 g6 6. O-O Bg7 7. Nc3 O-O 8. h3 Rb8 9. a4 a6 10. Be3 e5 11. Qd2 b5 12. axb5 axb5 13. Bh6 Nd4 14. Nxd4 cxd4 15. Ne2 Bb7 16. Bxg7 Kxg7 17. f4 Qb6 18. Rf2 Nd7 19. Raf1 f6 20. g4 b4 21. b3 Bc6 22. Ng3 Qd8 23. h4 Qe7 24. h5 Kg8 25. Bh3 Nc5 26. g5 fxg5 27. f5 Bd7 28. f6 Qf7 29. Bxd7 Qxd7 30. f7+ Kg7 31. Qxg5 Qd8 32. Rf6 1-0